 Dungeon Crawl Stone Soup version 0.30-a0-381-g6ea064c7b4 (webtiles) character file.

Game seed: 10297538227562259426

158056 SmokeWeed the Carver (level 17, -6/135 HPs)
             Began as a Demonspawn Fighter on Nov 30, 2022.
             Was a High Priest of Okawaru.
             Killed from afar by a deep elf annihilator (85 damage)
             ... with a crystal spear
             ... on level 3 of the Elven Halls on Dec 1, 2022.
             The game lasted 03:43:33 (31416 turns).

SmokeWeed the Carver (Demonspawn Fighter)          Turns: 31416, Time: 03:43:34

Health: -6/135     AC: 36    Str: 22    XL:     17   Next: 13%
Magic:  19/22      EV: 15    Int: 15    God:    Okawaru [*****.]
Gold:   1156       SH: 19    Dex: 14    Spells: 17/22 levels left

rFire   + + .      SeeInvis +    H - +11 scimitar "Zoamub" {speed, rPois rF++ Will+ Str+2}
rCold   + + +      Faith    .    f - +0 tower shield
rNeg    . . .      Spirit   .    E - +4 crystal plate armour {rC+}
rPois   +          Reflect  .    (helmet unavailable)
rElec   .          Harm     .    o - +2 cloak {Will+}
rCorr   .          Rampage  .    (no gloves)
Will    +++++                    (no boots)
Stlth   ..........               d - amulet "Areosan" {rC+++ Regen+}
HPRegen 1.22/turn                x - +4 ring of evasion
MPRegen 0.18/turn                S - +4 ring of protection

@: heroic, finesse-ful, repel missiles
A: antennae 3, repulsion field 3, foul stench 1, powered by death 1, demonic
willpower, clever 1, strong-willed 2
a: Renounce Religion, Heroism, Finesse, Duel


You were on level 3 of the Elven Halls.
You worshipped Okawaru.
Okawaru was extremely pleased with you.
You visited 6 branches of the dungeon, and saw 27 of its levels.
You visited 1 bazaar.
You also visited: Ice Cave.

You collected 2869 gold pieces.
You spent 1713 gold pieces at shops.

Inventory:

Hand Weapons
 a - a +3 eveningstar of distortion
 b - the +2 long sword of Maid {freeze, rElec rN++ Will+ SInv}
   (Okawaru gifted it to you in an ice cave)

   It freezes those it strikes, dealing additional cold damage.
   It can also slow down cold-blooded creatures.
   rElec:     It insulates you from electricity.
   rN:        It greatly protects you from negative energy.
   SInv:      It lets you see invisible.
   Will:      It increases your willpower.
 c - a +1 morningstar of draining
 e - the +4 double sword "Ezuec" {pain, rPois}
   (Okawaru gifted it to you on level 1 of the Orcish Mines)

   In the hands of one skilled in necromantic magic, it inflicts extra damage on
   living creatures.
   rPois:     It protects you from poison.
 g - a +3 scimitar of flaming
 k - the +9 whip "Tois" {venom, MP+9}
   (You found it on level 2 of the Dungeon)

   It poisons the flesh of those it strikes.
   MP:        It affects your magic capacity (+9).
 r - the +7 flail of Responsibility {vorpal, rElec rPois Stlth+}
   (You found it on level 4 of the Lair of Beasts)

   It inflicts extra damage upon your enemies.
   rElec:     It insulates you from electricity.
   rPois:     It protects you from poison.
   Stlth:     It makes you more stealthy.
 H - the +11 scimitar "Zoamub" (weapon) {speed, rPois rF++ Will+ Str+2}
   (You found it on level 6 of the Dungeon)

   Attacks with this weapon are significantly faster.
   Str:       It affects your strength (+2).
   rF:        It greatly protects you from fire.
   rPois:     It protects you from poison.
   Will:      It increases your willpower.
 N - a +0 demon whip of electrocution
 Y - a +2 demon blade of electrocution
Missiles
 j - 5 poisoned darts (quivered)
 Q - 10 javelins
 W - 3 silver javelins
 X - 7 atropa-tipped darts
 Z - a silver boomerang
Armour
 f - a +0 tower shield (worn)
 o - a +2 cloak of willpower (worn)
 E - a +4 crystal plate armour of cold resistance (worn)
Jewellery
 d - the amulet "Areosan" (around neck) {rC+++ Regen+}
   (You bought it in a shop on level 1 of the Elven Halls)

   [amulet of regeneration]

   rC:        It renders you almost immune to cold.
   Regen:     It increases your rate of health regeneration.
 p - the amulet "Lytishank" {Reflect Will+ Str+4 SH+5 Stlth+}
   (You found it on level 1 of the Lair of Beasts)

   [amulet of reflection]

   It reflects blocked missile attacks.
   Str:       It affects your strength (+4).
   SH:        It affects your SH (+5).
   Will:      It increases your willpower.
   Stlth:     It makes you more stealthy.
 x - a +4 ring of evasion (left hand)
 A - the ring "Famu Tei" {Ice rN+ Dex+3}
   (You found it on level 11 of the Dungeon)

   [ring of ice]

   It enhances your ice magic.
   Dex:       It affects your dexterity (+3).
   rF:        It makes you vulnerable to fire.
   rC:        It protects you from cold.
   rN:        It protects you from negative energy.
 J - an amulet of the acrobat
 O - a +6 ring of dexterity
 S - a +4 ring of protection (right hand)
 U - a +6 ring of strength
Wands
 h - a wand of acid (5)
 l - a wand of digging (7)
 m - a wand of flame (26)
 s - a wand of polymorph (16)
 C - a wand of iceblast (10)
Scrolls
 v - 4 scrolls of blinking
 w - 5 scrolls of enchant weapon
 y - 6 scrolls of fear
 F - 2 scrolls of fog
 G - 7 scrolls of magic mapping
 I - a scroll of silence
 K - 2 scrolls of poison
 L - 3 scrolls of teleportation
 R - a scroll of brand weapon
 V - 9 scrolls of identify
Potions
 i - 5 potions of cancellation
 n - 12 potions of ambrosia
 t - 14 potions of curing
 u - a potion of heal wounds
 B - 2 potions of berserk rage
 P - 2 potions of haste
Miscellaneous
 q - a piece from Xom's chessboard (15/15)
 D - a lightning rod (4/4)
 T - a box of beasts


   Skills:
 * Level 12.4(17.4) Fighting
 * Level 14.5(19.5) Long Blades
 + Level 7.0(12.0) Maces & Flails
 + Level 10.1(15.1) Throwing
 * Level 11.2(16.2) Armour
 * Level 6.4(11.4) Dodging
 + Level 3.4(8.4) Stealth
 * Level 10.3(15.3) Shields
 + Level 3.0 Spellcasting
 + Level 3.1 Air Magic
 + Level 6.7 Invocations
 * Level 10.4 Evocations


You had 17 spell levels left.
You knew the following spells:

 Your Spells              Type           Power      Damage    Failure   Level
a - Swiftness             Air            11%        N/A       100%        3
b - Blink                 Tloc           4%         N/A       100%        2

Your spell library contained the following spells:

 Spells                   Type           Power      Damage    Failure   Level
 Shock                    Conj/Air       28%        1d4       100%        1
 Cigotuvi's Dreadful Rot  Necr/Pois/Air  10%        N/A       100%        2
 Ensorcelled Hibernation  Hex/Ice        4%         N/A       100%        2
 Momentum Strike          Conj/Tloc      4%         3d8       100%        2
 Scorch                   Fire           4%         2d5       100%        2
 Static Discharge         Conj/Air       14%        2-3/arc   100%        2
 Ignite Poison            Fire/Tmut/Pois 2%         N/A       100%        3
 Inner Flame              Hex/Fire       2%         N/A       100%        3
 Kindle Blastsparks       Fire/Tloc/Air  10%        2d10      100%        3
 Lesser Beckoning         Tloc           4%         N/A       100%        3
 Spider Form              Tmut/Pois      2%         N/A       100%        3
 Vhi's Electric Charge    Tloc/Air       14%        N/A       100%        3
 Airstrike                Air            5%         2d(1-17)  100%        4
 Anguish                  Hex/Necr       1%         N/A       100%        4
 Dispel Undead            Necr           2%         3d7       100%        4
 Flame Wave               Conj/Fire      2%         2d4       100%        4
 Leda's Liquefaction      Hex/Erth       1%         N/A       100%        4
 Olgreb's Toxic Radiance  Pois           2%         N/A       100%        4
 Petrify                  Tmut/Erth      2%         N/A       100%        4
 Sticky Flame             Conj/Fire      2%         2d3       100%        4
 Arcjolt                  Conj/Air       3%         1d13      100%        5
 Blade Hands              Tmut           1%         N/A       100%        5
 Borgnjor's Vile Clutch   Necr/Erth      1%         N/A       100%        5
 Freezing Cloud           Conj/Ice/Air   2%         6-21      100%        5
 Irradiate                Conj/Tmut      1%         3d12      100%        5
 Lee's Rapid Deconstruct  Erth           1%         3d4*      100%        5
 Lightning Bolt           Conj/Air       3%         1d15      100%        5
 Metabolic Englaciation   Hex/Ice        1%         N/A       100%        5
 Eringya's Noxious Bog    Tmut/Pois      1%         N/A       100%        6
 Statue Form              Tmut/Erth      1%         N/A       100%        6
 Dragon Form              Tmut           1%         N/A       100%        7
 Ozocubu's Refrigeration  Ice            1%         4d7       100%        7
 Ignition                 Fire           1%         3d3       100%        8
 Polar Vortex             Ice            1%         N/A       100%        9
 Animate Dead             Necr           Unusable   N/A       N/A         4
 Death Channel            Necr           Unusable   N/A       N/A         6
 Simulacrum               Ice/Necr       Unusable   N/A       N/A         6
 Summon Cactus Giant      Summ           Unusable   N/A       N/A         6

Dungeon Overview and Level Annotations

Branches:
Dungeon (15/15)            Temple (1/1) D:7            Lair (5/5) D:10
 Shoals (0/4) Lair:3       Spider (1/4) Lair:2        Slime (0/5) Lair:4
    Orc (2/2) D:12            Elf (3/3) Orc:2        Vaults (0/5) D:13
  IceCv (visited)
 Depths: D:15

Altars:
Ashenzari
Cheibriados
Dithmenos
Fedhas
Gozag
Hepliaklqana
Kikubaaqudgha
Makhleb
Nemelex Xobeh
Okawaru
Qazlal
Ru
Sif Muna
Trog
Uskayaw
Vehumet
Wu Jian
Xom
Yredelemnul
Jiyva

Shops:
D:5 ?   Orc:2 !(:(   Elf:1 ![=

Portals:
Abyss: Lair:4
Trove: Elf:2 (show slimy rune of Zot)

Annotations:
Lair:4 2 transporters, DeathPants's ghost, journeyman VSEn


Innate Abilities, Weirdness & Mutations

You have a pair of large antennae on your head. (SInv)
You are surrounded by a strong repulsion field. (EV +4, RMsl)
You may rarely emit foul miasma when damaged in melee.
You regenerate a little health from kills.
You punish those that try to bend your will. (Will+)
Your mind is acute. (Int +4, Str/Dex -1)
You are highly strong-willed. (Will++)


Message History

You throw a poisoned dart.
The poisoned dart hits the deep elf death mage!!
The deep elf death mage is poisoned.
You throw a poisoned dart.
The poisoned dart barely misses the deep elf death mage.
You throw a poisoned dart.
The poisoned dart misses the deep elf death mage.
The poisoned dart hits the deep elf annihilator!!
The deep elf annihilator looks as sick as possible!
You throw a poisoned dart.
The poisoned dart hits the deep elf death mage!!
The deep elf death mage looks as sick as possible!
The deep elf death mage is lightly wounded.
You hit the deep elf death mage.
The deep elf death mage is lightly wounded.
You barely miss the deep elf death mage.
The deep elf death mage is lightly wounded.
You slash the deep elf death mage!
The deep elf death mage is moderately wounded.
You barely miss the deep elf death mage.
The deep elf death mage is moderately wounded.
You hit the deep elf death mage.
The deep elf death mage is heavily wounded.
You slash the deep elf death mage!
The deep elf death mage is severely wounded.
A deep elf pyromancer comes into view. It is wielding a +0 short sword.
You block the deep elf death mage's attack.
The deep elf annihilator mumbles some strange words.
The deep elf annihilator blinks!
You slash the deep elf death mage!
The deep elf death mage is almost dead.
You slice the deep elf death mage!!
You kill the deep elf death mage!
Okawaru accepts your kill.
The deep elf high priest invokes the aid of its god against you.
Something smites you!
The deep elf annihilator points at you and mumbles some strange words.
The crystal spear hits you!!!!
Ouch! That really hurt!
You die...

##.# #.#######.## #.# #....
###.#######.## ##...###.#
#)### #............#
##.....##.###)# #
#.####...###.###.......#...).#
# #.# ##.##
#.##........#.#)#.# ###
###################..#.#
.........e.......))..#
8..8..8).....##.....##
(((ee(ยง@)...##.....##
###'####)...#......#
.{###.......#.#
8.{.###((..##.# ....##...#..#
=...##.#...# { #...#.....#
#..##.(..# { #...#....#


You could see a deep elf annihilator (extremely poisoned), a deep elf high
priest and a deep elf pyromancer.

Vanquished Creatures
  Mara (Elf:3)
  Jorgrun (D:14)
  A deep elf blademaster (Elf:2)
  Gastronok (Lair:2)
  4 deep elf sorcerers
  Louise (Elf:1)
  A deep elf elementalist (Elf:3)
  A reaper (IceCv)
  4 deep elf demonologists
  4 deep elf annihilators (Elf:3)
  2 deep elf death magi (Elf:3)
  Snorg (Lair:4)
  An entropy weaver (shapeshifter) (D:13)
  A fire dragon (Lair:5)
  A deep elf high priest (Elf:3)
  An entropy weaver (Spider:1)
  An ice dragon (Lair:5)
  5 hydras
  4 ogre magi (Orc:2)
  3 boulder beetles
  2 centaur warriors
  22 dancing weapons
  15 two-headed ogres
  A tengu warrior (D:14)
  6 death yaks (Lair:5)
  A shock serpent (shapeshifter) (D:13)
  Nergalle (Lair:2)
  17 deep elf knights
  7 skeletal warriors
  A swamp dragon (Lair:5)
  6 deep elf archers
  A wizard (Elf:1)
  3 lindwurms
  3 orc knights
  2 orc sorcerers
  2 manticores (D:14)
  24 deep elf pyromancers
  4 oklob plants
  3 cyclopes
  28 deep elf zephyrmancers
  2 ugly things
  2 merfolk sirens (Lair:3)
  A guardian serpent (D:12)
  7 elephants
  3 black mambas
  2 ice statues (IceCv)
  14 cane toads
  5 torpor snails (Lair:5)
  A gargoyle (D:12)
  The ghost of KennySheep the Magician, a novice DjCj (D:4)
  Psyche (D:11)
  10 komodo dragons
  A kobold demonologist (D:12)
  4 rime drakes
  A yaktaur (shapeshifter) (D:13)
  6 ice devils (IceCv)
  3 anaconda simulacra (IceCv)
  A tengu conjurer (D:15)
  A queen bee (Lair:2)
  4 trolls
  A meliai (Lair:2)
  A meliai (shapeshifter) (D:15)
  2 polar bears (Lair:5)
  A merfolk (Lair:3)
  Grinder (D:3)
  3 slime creatures (D:12)
  3 tyrant leeches (Lair:5)
  17 blink frogs
  9 hornets
  9 dream sheep
  The ghost of baller8008 the Magician, an amateur DjCj (D:3)
  4 fire elementals
  2 wraiths
  3 air elementals
  A shadow (D:11)
  3 water elementals (Elf:3)
  Sigmund (D:3)
  4 wyverns
  38 yaks
  4 humans (D:8)
  A basilisk (Lair:5)
  2 redbacks (Spider:1)
  6 steam dragons
  6 vampire mosquitoes
  Menkaure (D:5)
  A death yak simulacrum (IceCv)
  4 wargs
  A harpy simulacrum (IceCv)
  13 water moccasins
  Edmund (D:6)
  3 acid dragons (Lair:5)
  Duvessa (D:5)
  A floating eye (Lair:1)
  A swamp drake (Lair:5)
  A sky beast (D:8)
  4 black bears
  17 orc warriors
  28 ogres
  4 boggarts
  6 wolves (Lair:2)
  5 phantoms
  11 centaurs
  3 kobold brigands
  Blork the orc (D:6)
  11 bullfrogs
  2 cane toad simulacra
  An earth elemental (Elf:3)
  2 gnoll sergeants
  A scorpion (D:5)
  2 two-headed ogre simulacra (IceCv)
  12 wights
  Dowan (D:5)
  37 killer bees
  2 elephant simulacra
  2 electric eels
  A crimson imp (D:4)
  A howler monkey (D:4)
  A jelly (D:7)
  2 gnoll boudas
  13 orc priests
  2 hounds
  Crazy Yiuf (D:2)
  5 iguanas
  Ijyb (D:3)
  Natasha (thrice) (D:2)
  23 orc wizards
  7 hell rats (Lair:2)
  2 polar bear simulacra
  2 spriggan simulacra (IceCv)
  2 troll simulacra (IceCv)
  A wolf simulacrum (IceCv)
  10 gnolls
  2 naga simulacra (IceCv)
  2 adders
  2 shadow imps
  4 white imps
  4 ufetubi
  2 worms
  A dart slug (D:4)
  61 orcs
  4 bats
  7 endoplasms
  4 giant cockroaches
  7 hobgoblins
  4 jackals (D:4)
  21 kobolds
  7 quokkas
  11 ball pythons
  2 frilled lizards
  7 goblins
  5 rats
795 creatures vanquished.

Vanquished Creatures (others)
  2 deep elf knights (Elf:2)
  A deep elf archer (Elf:2)
  A deep elf zephyrmancer (Elf:2)
  A deep elf pyromancer (Elf:1)
  An orc wizard (Orc:2)
  A bush (Lair:5)
  24 fungi
  67 plants
98 creatures vanquished.

Grand Total: 893 creatures vanquished

Notes
Turn   | Place    | Note
-------+----------+-------------------------------------------
     0 | D:1      | SmokeWeed the Demonspawn Fighter began the quest for the
                  | Orb.
     0 | D:1      | Reached XP level 1. HP: 18/18 MP: 1/1
   192 | D:1      | Gained mutation: You have a pair of small antennae on your
                  | head. [demonic ancestry]
   192 | D:1      | Reached XP level 2. HP: 24/24 MP: 2/2
   682 | D:2      | Gained mutation: You may rarely emit foul miasma when
                  | damaged in melee. [demonic ancestry]
   682 | D:2      | Reached XP level 3. HP: 29/29 MP: 3/3
   838 | D:2      | Noticed Natasha
   844 | D:2      | Killed Natasha
   845 | D:2      | Reached XP level 4. HP: 35/35 MP: 4/4
   909 | D:2      | Identified the +9 whip "Tois" {venom, MP+9}
   974 | D:2      | Noticed Natasha
   978 | D:2      | Killed Natasha
  1161 | D:2      | Noticed Natasha
  1166 | D:2      | Killed Natasha
  1183 | D:2      | Found a runed translucent door.
  1184 | D:2      | Noticed Crazy Yiuf
  1192 | D:2      | Killed Crazy Yiuf
  1193 | D:2      | Reached XP level 5. HP: 28/42 MP: 5/5
  1610 | D:3      | Noticed a black bear
  1615 | D:3      | Killed a black bear
  1670 | D:3      | Noticed Grinder
  1680 | D:3      | Paralysed by Grinder for 2 turns
  1685 | D:3      | Killed Grinder
  1686 | D:3      | Gained mutation: You have a pair of antennae on your head.
                  | [demonic ancestry]
  1686 | D:3      | Reached XP level 6. HP: 26/48 MP: 6/6
  1801 | D:3      | Found a runed translucent gate.
  1802 | D:3      | Found a runed translucent gate.
  1802 | D:3      | Found an opulent altar of Gozag.
  1803 | D:3      | Found a runed translucent gate.
  1804 | D:3      | Noticed baller8008's ghost (amateur DjCj)
  1817 | D:3      | Noticed Sigmund
  1828 | D:3      | Killed Sigmund
  1829 | D:3      | Reached skill level 5 in Maces & Flails
  1829 | D:3      | Reached XP level 7. HP: 41/54 MP: 7/7
  1948 | D:3      | Found a faded altar of an unknown god.
  2003 | D:3      | Noticed Ijyb
  2008 | D:3      | Killed Ijyb
  2288 | D:4      | Learned a level 3 spell: Swiftness
  2330 | D:4      | Learned a level 2 spell: Blink
  2618 | D:4      | Found a runed translucent gate.
  2618 | D:4      | Noticed KennySheep's ghost (novice DjCj)
  2620 | D:4      | Found a runed translucent gate.
  2620 | D:4      | Found a runed translucent gate.
  2664 | D:4      | Reached skill level 1 in Throwing
  2711 | D:4      | Reached skill level 5 in Armour
  3232 | D:5      | Entered Level 5 of the Dungeon
  3272 | D:5      | Found Woithrygg's Magic Scroll Shoppe.
  3288 | D:5      | Gained mutation: You are surrounded by a mild repulsion
                  | field. (EV +2) [demonic ancestry]
  3288 | D:5      | Reached XP level 8. HP: 61/61 MP: 8/8
  3467 | D:5      | Noticed Duvessa
  3467 | D:5      | Noticed Dowan
  3476 | D:5      | Killed Dowan
  3483 | D:5      | Killed Duvessa
  3617 | D:5      | Noticed Menkaure
  3626 | D:5      | Killed Menkaure
  4406 | D:5      | Found an ornate altar of the Wu Jian Council.
  4733 | D:6      | Gained mutation: You have a pair of large antennae on your
                  | head. (SInv) [demonic ancestry]
  4733 | D:6      | Reached XP level 9. HP: 67/67 MP: 9/9
  4733 | D:6      | Noticed Blork the orc
  4740 | D:6      | Killed Blork the orc
  4929 | D:6      | Identified the +11 scimitar "Zoamub" {speed, rPois rF++
                  | Will+ Str+2}
  5165 | D:6      | Found an ancient bone altar of Kikubaaqudgha.
  5467 | D:6      | Noticed Edmund
  5477 | D:6      | Killed Edmund
  5478 | D:6      | Reached skill level 2 in Long Blades
  5646 | D:7      | Reached skill level 3 in Long Blades
  5874 | D:7      | Reached skill level 4 in Long Blades
  6101 | D:7      | Found a staircase to the Ecumenical Temple.
  6113 | D:7      | Reached skill level 5 in Long Blades
  6124 | Temple   | Entered the Ecumenical Temple
  6244 | D:7      | Reached skill level 1 in Spellcasting
  7079 | D:7      | Reached skill level 1 in Air Magic
  7197 | D:7      | Gained mutation: You regenerate a little health from kills.
                  | [demonic ancestry]
  7197 | D:7      | Reached XP level 10. HP: 68/73 MP: 14/14
  7501 | D:8      | Reached skill level 1 in Dodging
  7727 | D:8      | Reached skill level 5 in Fighting
  8291 | D:8      | Reached skill level 1 in Stealth
  8930 | D:9      | Found a shimmering altar of Xom.
  9051 | D:9      | Reached skill level 5 in Throwing
  9380 | D:9      | Gained mutation: You are strong-willed. (Will+) [potion of
                  | mutation]
  9380 | D:9      | Gained mutation: Your mind is acute. (Int +4, Str/Dex -1)
                  | [potion of mutation]
  9380 | D:9      | Gained mutation: You are highly strong-willed. (Will++)
                  | [potion of mutation]
  9599 | D:10     | Entered Level 10 of the Dungeon
  9649 | D:10     | Found a stormy altar of Qazlal.
  9681 | D:10     | Gained mutation: You are surrounded by a moderate repulsion
                  | field. (EV +3) [demonic ancestry]
  9681 | D:10     | Reached XP level 11. HP: 70/83 MP: 15/15
  9715 | D:10     | Found a snail-covered altar of Cheibriados.
  9716 | D:10     | Found an iron altar of Okawaru.
  9717 | D:10     | Found a broken altar of Ashenzari.
  9724 | D:10     | Became a worshipper of Warmaster Okawaru
  9799 | D:10     | Found a staircase to the Lair.
  9938 | D:10     | Reached skill level 6 in Long Blades
 10136 | D:10     | Reached * piety under Okawaru
 10137 | D:10     | Reached skill level 5 in Shields
 10600 | D:11     | Noticed Psyche
 10607 | D:11     | Killed Psyche
 10694 | D:11     | Noticed an orc knight
 10711 | D:11     | Killed an orc knight
 10711 | D:11     | Reached ** piety under Okawaru
 10746 | D:11     | Noticed a two-headed ogre
 10774 | D:11     | Killed a two-headed ogre
 10870 | D:11     | Reached skill level 7 in Long Blades
 11051 | D:11     | Identified the ring "Famu Tei" {Ice rN+ Dex+3}
 11359 | D:12     | Noticed Nessos
 11359 | D:12     | Found a staircase to the Orcish Mines.
 11382 | D:11     | Reached skill level 1 in Evocations
 11384 | D:11     | Reached skill level 1 in Invocations
 11725 | D:12     | Nessos changed into Nessos the guardian serpent
 11725 | D:12     | Noticed Nessos
 11735 | D:12     | Killed Nessos the guardian serpent
 12052 | D:12     | Reached *** piety under Okawaru
 12303 | D:12     | Noticed a skeletal warrior
 12303 | D:12     | Noticed a skeletal warrior
 12306 | D:12     | Noticed a skeletal warrior
 12307 | D:12     | Noticed a skeletal warrior
 12312 | D:12     | Killed a skeletal warrior
 12312 | D:12     | Reached **** piety under Okawaru
 12313 | D:12     | Reached XP level 12. HP: 92/92 MP: 14/16
 12862 | D:13     | Noticed a bunyip
 12864 | D:13     | Noticed an entropy weaver
 12865 | D:13     | a bunyip changed into a slime creature
 12866 | D:13     | Found a gate to the Vaults.
 12866 | D:13     | Noticed a centaur warrior
 12879 | D:13     | Killed an entropy weaver
 12894 | D:13     | Killed a centaur warrior
 12895 | D:13     | Reached skill level 8 in Long Blades
 12895 | D:13     | Received a gift from Okawaru
 13143 | D:13     | Reached ***** piety under Okawaru
 13221 | D:13     | Found a radiant altar of Vehumet.
 13241 | D:13     | Identified the +7 arbalest of Puntoalu {penet, rCorr}
 13278 | D:13     | Identified the +1 leather armour "Unebbis" {rElec}
 13293 | D:13     | Noticed a boulder beetle
 13306 | D:13     | Killed a boulder beetle
 13775 | D:14     | Received a gift from Okawaru
 13936 | D:14     | Noticed a boulder beetle
 13950 | D:14     | Killed a boulder beetle
 14139 | D:14     | Noticed a four-headed hydra
 14158 | D:14     | Killed a four-headed hydra
 14356 | D:14     | Received a gift from Okawaru
 14463 | D:14     | Found a hide-covered altar of Uskayaw.
 14480 | D:15     | Entered Level 15 of the Dungeon
 14487 | D:15     | Noticed Jorgrun
 14488 | D:15     | Noticed a boulder beetle
 14788 | D:14     | Killed Jorgrun
 14789 | D:14     | Reached skill level 5 in Dodging
 15018 | D:15     | Noticed a centaur warrior
 15036 | D:14     | Reached skill level 5 in Invocations
 15036 | D:14     | Gained mutation: You punish those that try to bend your
                  | will. (Will+) [demonic ancestry]
 15036 | D:14     | Reached XP level 13. HP: 34/99 MP: 17/17
 16055 | D:15     | Noticed a stone giant
 16270 | Lair:1   | Entered Level 1 of the Lair of Beasts
 16366 | Lair:1   | Reached skill level 9 in Long Blades
 16529 | Lair:1   | Paralysed by a floating eye for 4 turns
 16598 | Lair:1   | Received a gift from Okawaru
 16682 | Lair:1   | Paralysed by a floating eye for 2 turns
 17092 | Lair:2   | Noticed Gastronok
 17120 | Lair:2   | Killed Gastronok
 17120 | Lair:2   | Received a gift from Okawaru
 17333 | Lair:2   | Noticed Nergalle
 17349 | Lair:2   | Killed Nergalle
 17407 | Lair:2   | Received a gift from Okawaru
 17566 | Lair:2   | Reached skill level 10 in Long Blades
 17568 | Lair:2   | Received a gift from Okawaru
 17728 | Lair:2   | Received a gift from Okawaru
 18040 | Lair:2   | Found a hole to the Spider Nest.
 18225 | Lair:2   | Reached skill level 5 in Evocations
 18953 | Lair:3   | Found a staircase to the Shoals.
 18967 | Lair:3   | Reached XP level 14. HP: 72/108 MP: 15/18
 19053 | Lair:3   | Identified the +3 ring mail of Xom's Brutal Revenge {rN+
                  | Regen+ Int-3 Stlth+}
 19110 | Lair:3   | Found a frozen archway.
 19126 | Lair:3   | Upgraded the game from 0.30-a0-377-g5cb311bc9f to
                  | 0.30-a0-381-g6ea064c7b4
 19129 | IceCv    | Entered an ice cave
 19162 | IceCv    | Reached skill level 11 in Long Blades
 19178 | IceCv    | Identified the +2 long sword of Maid {freeze, rElec rN++
                  | Will+ SInv} (Okawaru gifted it to you in an ice cave)
 19178 | IceCv    | Received a gift from Okawaru
 19250 | IceCv    | Noticed a reaper
 19274 | IceCv    | Killed a reaper
 20248 | Lair:4   | Found a viscous altar of Jiyva.
 20248 | Lair:4   | Found a staircase to the Slime Pits.
 20248 | Lair:4   | Found a transporter.
 20479 | Lair:4   | Identified the +7 flail of Responsibility {vorpal, rElec
                  | rPois Stlth+}
 20835 | Lair:4   | Noticed Snorg
 20854 | Lair:4   | Killed Snorg
 21133 | Lair:4   | Found a one-way gate to the infinite horrors of the Abyss.
 21133 | Lair:4   | Noticed DeathPants's ghost (journeyman VSEn)
 21281 | Lair:4   | Found a transporter.
 21430 | Lair:5   | Entered Level 5 of the Lair of Beasts
 21656 | Lair:5   | Received a gift from Okawaru
 21657 | Lair:5   | Reached skill level 10 in Fighting
 22483 | Lair:5   | Reached skill level 12 in Long Blades
 22512 | Lair:5   | Received a gift from Okawaru
 22976 | Lair:5   | Found a runed translucent door.
 22987 | Lair:5   | Reached ****** piety under Okawaru
 23089 | Lair:5   | Received a gift from Okawaru
 23109 | Lair:5   | Reached skill level 10 in Armour
 23186 | Lair:5   | Identified the +2 scale mail of the Watchman {rPois}
                  | (Okawaru gifted it to you on level 5 of the Lair of Beasts)
 23186 | Lair:5   | Received a gift from Okawaru
 23354 | Lair:5   | Gained mutation: You are surrounded by a strong repulsion
                  | field. (EV +4, RMsl) [demonic ancestry]
 23354 | Lair:5   | Reached XP level 15. HP: 52/117 MP: 17/19
 23966 | Spider:1 | Entered Level 1 of the Spider Nest
 23993 | Lair:2   | HP: 2/117 [demonic crawler (4)]
 24358 | Lair:1   | Identified the amulet "Lytishank" {Reflect Will+ Str+4 SH+5
                  | Stlth+}
 24631 | D:5      | Bought a scroll of teleportation for 42 gold pieces
 24631 | D:5      | Bought a scroll of teleportation for 42 gold pieces
 24631 | D:5      | Bought a scroll of blinking for 105 gold pieces
 24777 | D:4      | Killed KennySheep's ghost
 24920 | D:3      | Killed baller8008's ghost
 25387 | Orc:1    | Entered Level 1 of the Orcish Mines
 25481 | Orc:2    | Entered Level 2 of the Orcish Mines
 25866 | Orc:2    | Found a staircase to the Elven Halls.
 25996 | Orc:2    | Found Luny's Weapon Boutique.
 25996 | Orc:2    | Found Lueledig's Weapon Emporium.
 26094 | Orc:2    | Reached skill level 13 in Long Blades
 26214 | Orc:2    | Found Namnynec's Book Boutique.
 26214 | Orc:2    | Found Maxi's Distillery.
 26662 | Orc:1    | Identified the +4 double sword "Ezuec" {pain, rPois}
                  | (Okawaru gifted it to you on level 1 of the Orcish Mines)
 26662 | Orc:1    | Received a gift from Okawaru
 27123 | Elf:1    | Entered Level 1 of the Elven Halls
 27286 | Elf:1    | Got the Textbook on Toxicity and Heat
 27304 | Elf:1    | Identified the +7 spear of the Sun {holy, *Noise rC+++
                  | rCorr Str+4}
 27323 | Elf:1    | Noticed Louise
 27344 | Elf:1    | Killed Louise
 27500 | Elf:1    | Paralysed by an air elemental for 1 turns
 27682 | Elf:1    | Noticed a deep elf sorcerer
 27700 | Elf:1    | Killed a deep elf sorcerer
 27940 | Elf:1    | Found Juhida's Jewellery Boutique.
 27945 | Elf:1    | Found Neutoweph's Armour Boutique.
 27960 | Elf:1    | Bought the amulet "Areosan" {rC+++ Regen+} for 1440 gold
                  | pieces
 28071 | Elf:1    | Received a gift from Okawaru
 28072 | Elf:1    | Reached XP level 16. HP: 104/125 MP: 20/20
 28447 | Elf:1    | Found Elliag's Distillery.
 28880 | Elf:2    | Found a portal to a secret trove of treasure.
 28924 | Elf:2    | Found a flickering gateway to a bazaar.
 28930 | Bazaar   | Entered a bazaar
 28930 | Bazaar   | Found Sudoaz's Assorted Antiques.
 28945 | Bazaar   | Found Askeawna's Book Shoppe.
 28957 | Bazaar   | Found Keadoxa's General Store.
 28974 | Bazaar   | Found Agew's Antique Armour Boutique.
 28997 | Bazaar   | Bought a scroll of teleportation for 24 gold pieces
 28997 | Bazaar   | Bought a scroll of blinking for 60 gold pieces
 29230 | Elf:2    | Reached skill level 14 in Long Blades
 29336 | Elf:2    | Received a gift from Okawaru
 29547 | Elf:2    | Found a huge runed translucent gate.
 29547 | Elf:2    | Found a huge runed translucent gate.
 29547 | Elf:2    | Found a huge runed translucent gate.
 29547 | Elf:2    | Found a huge runed translucent gate.
 29553 | Elf:2    | Found a huge runed translucent gate.
 29795 | Elf:2    | Identified the -1 kite shield "Delat" {*Corrode Will+
                  | Dex+3} (Okawaru gifted it to you on level 2 of the Elven
                  | Halls)
 29795 | Elf:2    | Received a gift from Okawaru
 29893 | Elf:2    | Noticed a deep elf blademaster
 29904 | Elf:2    | Killed a deep elf blademaster
 29905 | Elf:2    | Reached skill level 10 in Evocations
 30509 | Elf:3    | Entered Level 3 of the Elven Halls
 30544 | Elf:3    | Noticed Mara
 30551 | Elf:3    | Paralysed by an air elemental for 1 turns
 30557 | Elf:3    | Paralysed by an air elemental for 1 turns
 30559 | Elf:3    | Paralysed by an air elemental for 1 turns
 30580 | Elf:3    | Noticed an Ice Fiend
 30585 | Elf:3    | Reached skill level 10 in Shields
 30672 | Elf:3    | Noticed SmokeWeed's illusion
 30691 | Elf:3    | Killed Mara
 30692 | Elf:3    | Reached skill level 10 in Throwing
 30842 | Elf:3    | Received a gift from Okawaru
 31061 | Elf:3    | Reached XP level 17. HP: 109/131 MP: 16/22
 31067 | Elf:3    | Received a gift from Okawaru
 31085 | Elf:3    | Noticed a Tzitzimitl
 31338 | Elf:3    | Noticed a Brimstone Fiend
 31342 | Elf:3    | Noticed an Ice Fiend
 31416 | Elf:3    | Killed from afar by a deep elf annihilator

Illustrated notes

Levels and vault maps discovered:
D:1:      lightli_arrival_quake, layout_rooms, dk_noncrumbling_2
D:2:      layout_basic, serial_bayou_ford_a, uniq_natasha,
          uniq_crazy_yiuf_cottage
D:3:      layout_rooms, ebering_ghost_gozag,
          shapermc_ecumenical_altar_rom_forum, uniq_grinder, uniq_sigmund,
          uniq_ijyb
D:4:      minmay_door_path, layout_basic, mainiacjoe_overflow_surrounded_room,
          gup_sewer_entry_pipe, ebering_ghost_rock_garden,
          minmay_fire_ice_demons
D:5:      layout_layer_cave, nicolae_wu_jian_immortal_techniques, serial_shops,
          nicolae_shop_behind_doors, uniq_duvessa, uniq_menkaure
D:6:      layout_loops_ring, mainiacjoe_overflow_boulevard, uniq_blork_the_orc,
          uniq_edmund
D:7:      layout_cave_pods, minmay_temple_entry_sparse_star
D:8:      layout_rooms, lemuel_doored_altar, serial_co_window_serial,
          co_window_corner_a, co_window_paths_a, co_window_of_opportunity_a,
          co_window_paths_b, co_window_paths_a, co_window_of_opportunity_a,
          co_window_corner_a, co_window_paths_b, co_window_corner_a,
          co_window_corner_ca, co_window_unsneaky_path_c, co_window_corner_cb,
          co_window_corner_b, minmay_ruffians
D:9:      layout_irregular_city, old_standard_altar,
          minmay_fractal_squares_diagonal_5
D:10:     layout_roguey, nicolae_qazlal_style_of_elements,
          chequers_temple_overflow_statue_of_worship, erik_lair_orcish_takeover,
          minmay_fractal_squares_gapless_5
D:11:     layout_long_grid, special_room [special_room_orc],
          nicolae_elyvilon_temple_path, uniq_psyche
D:12:     layout_irregular_city, minmay_orc_entry_temple_small, uniq_nessos
D:13:     layout_cave_pools, david_vaults_2, nicolae_water_bricks,
          hangedman_decor_diamond_cutter, nicolae_vehumet_radiance
D:14:     layout_cave_pools, nicolae_uskayaw_suspiria
D:15:     grunt_enter_depths_giant_problem, layout_cave_pools, fedhas_altar_3,
          uniq_jorgrun
Temple:   cyrus_circular_temple
Lair:1:   layout_roguey, disabler_island, serial_bayou_shore_a
Lair:2:   layout_roguey [special_room_bee], hellmonk_spider_entry_not_the_bees,
          st_stairs_5, uniq_gastronok, uniq_nergalle
Lair:3:   layout_misc_corridors, elwin_shoals_entry_rooms,
          portal_ice_cave_entry_ice_simulacra
Lair:4:   layout_misc_corridors, slime_entry_1, gammafunk_ghost_abyssal_escape,
          st_stairs_13, uniq_snorg
Lair:5:   wormcave, layout_loops_ring, guppyfry_lair_end_dragon, st_stairs_11,
          serial_bayou_pond_d, dreamdust_gnoll_shepherd
Spider:1: layout_chambers
Orc:1:    layout_caves
Orc:2:    st_orc_ogre_mass, layout_diamond_mine,
          nicolae_volcano_entry_vermiform, hellmonk_bongcloud_opening
Elf:1:    eino_elf_arrival_customs, layout_onion_city, serial_shops, shop,
          hangedman_elf_disciples, minmay_shop_star, lemuel_upstairs_altar,
          uniq_louise
Elf:2:    elven_hall_of_blades_hangedman_alternative [grunt_blade_entry_basic],
          layout_rooms, serial_shops, bzr_entry_safe, enter_trove_1,
          grunt_ministairs_9, statue_in_the_mist_lemuel, hangedman_glass_teeth
Elf:3:    minmay_elf_hall_statues, layout_loops_ring, grunt_megastairs_1,
          uniq_mara

Skill      XL: |  1  2  3  4  5  6  7  8  9 10 11 12 13 14 15 16 |
---------------+-------------------------------------------------+-----
Maces & Flails | 2 3 4 5 6 7 |  7.0
Armour         | 3 4 5 6 7 8 9 10 11 | 11.2
Shields        | 3 4 5 6 7 9 10 | 10.3
Fighting       | 4 6 7 8 9 10 11 12 | 12.4
Throwing       | 1 2 5 7 8 9 10 | 10.1
Long Blades    | 5 7 8 10 12 13 14 | 14.5
Spellcasting   | 3 |  3.0
Air Magic      | 2 3 |  3.1
Dodging        | 3 5 6 |  6.4
Stealth        | 1 2 3 |  3.4
Evocations     | 2 3 5 7 9 10 | 10.4
Invocations    | 2 5 6 |  6.7

Action                   |  1- 3 |  4- 6 |  7- 9 | 10-12 | 13-15 | 16-18 || total
-------------------------+-------+-------+-------+-------+-------+-------++-------
Melee: Flail             |   121 |     5 |       |       |    28 |       ||   154
       Whip              |       |    40 |   188 |    17 |    27 |       ||   272
       Scimitar          |       |       |   117 |   542 |  1608 |   546 ||  2813
       Long sword        |       |       |       |       |    15 |       ||    15
Throw: Dart              |       |     4 |     1 |   103 |   120 |    48 ||   276
       Throwing net      |       |     2 |     1 |     6 |       |       ||     9
       Boomerang         |       |       |    31 |   158 |   160 |    55 ||   404
       Javelin           |       |       |       |       |    15 |    19 ||    34
Invok: Heroism           |       |       |       |    14 |    30 |    16 ||    60
       Finesse           |       |       |       |     4 |     7 |     5 ||    16
Evoke: Wand              |       |       |       |    16 |    37 |     4 ||    57
       Lightning rod     |       |       |       |       |     1 |     3 ||     4
  Use: Scroll            |     4 |       |     9 |    14 |     7 |     4 ||    38
       Potion            |       |       |     1 |     8 |     2 |     1 ||    12
 Stab: Held in net/web   |       |       |       |     3 |       |       ||     3
       Invisible         |       |       |       |     8 |       |       ||     8
Armor: Scale mail        |    31 |       |       |       |       |       ||    31
       Plate armour      |    43 |    16 |   113 |   256 |   142 |       ||   570
       Chain mail        |       |       |       |     1 |       |       ||     1
       Crystal plate arm |       |       |       |       |   407 |   136 ||   543
Dodge: Dodged            |    62 |    10 |   107 |   287 |   605 |   110 ||  1181
       Repelled          |       |       |       |       |     5 |    15 ||    20
Block: Buckler           |    41 |     2 |    71 |   185 |   123 |       ||   422
       Kite shield       |       |       |       |       |   484 |       ||   484
       Tower shield      |       |       |       |       |    41 |   292 ||   333
       Reflection        |       |       |       |       |    11 |       ||    11

Table legend: (Time is in decaauts)
 A = Elapsed time spent in this place.
 B = Non-inter-level travel time spent in this place.
 C = Inter-level travel time spent in this place.
 D = Time resting spent in this place.
 E = Time spent auto-exploring this place.
 F = Levels seen in this place.
 G = Mean time per level.
                   A        B        C        D        E       F      G
               +--------+--------+--------+--------+--------+-----+--------+
         Total |  30366 |  27862 |   2504 |   3693 |  17432 |  29 | 1047.1 |
       Dungeon |  16998 |  15369 |   1629 |   2439 |  10136 |  15 | 1133.2 |
        Temple |     58 |     58 |      0 |      0 |      0 |   1 |   58.0 |
          Lair |   7203 |   6795 |    408 |    733 |   4359 |   5 | 1440.6 |
   Spider Nest |     16 |     16 |      0 |      0 |      0 |   1 |   16.0 |
  Orcish Mines |   1611 |   1398 |    213 |      0 |   1029 |   2 |  805.5 |
   Elven Halls |   3919 |   3667 |    252 |    403 |   1860 |   3 | 1306.3 |
        Bazaar |     74 |     74 |      0 |      0 |     47 |   1 |   74.0 |
      Ice Cave |    484 |    484 |      0 |    118 |      0 |   1 |  484.0 |
               +--------+--------+--------+--------+--------+-----+--------+

Top non-repeatable levels by time:
  Lair:5: 2279 daAuts
    D:14: 2106 daAuts
     D:7: 1791 daAuts
   Elf:1: 1623 daAuts
  Lair:2: 1615 daAuts
   Elf:2: 1570 daAuts
     D:5: 1476 daAuts
  Lair:3: 1217 daAuts
     D:8: 1207 daAuts
  Lair:4: 1178 daAuts
     D:4: 1171 daAuts
   Orc:2: 1166 daAuts
    D:12: 1160 daAuts
     D:9: 1123 daAuts
    D:11: 1118 daAuts
